 Dungeon Crawl Stone Soup version 0.15-a0-1174-g8389a64 (webtiles) character file.

600 PolkaDot the Jinx (level 7, -1/46 HPs)
             Began as a Vampire Enchanter on May 31, 2014.
             Slain by a centaur (10 damage)
             ... on Level 4 of the Dungeon.
             The game lasted 00:16:49 (5467 turns).

PolkaDot the Jinx (Vampire Enchanter)               Turns: 5467, Time: 00:16:49

HP  -1/46        AC  5     Str 12      XL: 7   Next: 18%
MP   1/12        EV 12     Int 19      God:
Gold 193         SH  0     Dex 15      Spells:  4 memorised,  2 levels left

rFire  . . .     SeeInvis +     h - -1,+0 dagger (curse)
rCold  + + .     Clarity  .     b - +1 robe
rNeg   + + +     rCorr    .     (no shield)
rPois  +         rRot     +     u - +0 helmet
rElec  .         Spirit   .     p - +0 cloak {rPois}
SustAb .         Warding  .     (no gloves)
rMut   .         Stasis   .     (no boots)
Gourm  .                        (no amulet)
MR     .....                    f - +1 ring of intelligence
                                g - ring of poison resistance

@: confused, mighty, bloodless, non-regenerating, not resistant to hostile
enchantments, unstealthy
A: bottle blood, fangs 3, see invisible, unbreathing
a: Bat Form, Bottle Blood


You were on level 4 of the Dungeon.
You were bloodless.

You visited 1 branch of the dungeon, and saw 5 of its levels.

You collected 193 gold pieces.

Inventory:

Hand weapons
 a - a +1,+1 dagger
 h - a cursed -1,+0 dagger (weapon)
Armour
 b - a +1 robe (worn)
 p - a +0 cloak of poison resistance (worn)
 u - a +0 helmet (worn)
Magical devices
 d - a wand of flame (2)
 q - a wand of enslavement (11) {unknown}
 y - a wand of fire (7)
Scrolls
 e - a scroll of fear {unknown}
 i - 4 scrolls of identify {unknown}
 j - a scroll of enchant weapon II {unknown}
 k - a scroll of amnesia {unknown}
 l - a scroll of blinking {unknown}
 m - 2 scrolls of enchant weapon I {unknown}
 o - 5 scrolls of remove curse {unknown}
 r - a scroll of magic mapping {unknown}
 s - a scroll of noise {unknown}
Jewellery
 f - a +1 ring of intelligence (right hand)
 g - a ring of poison resistance (left hand)
Potions
 v - a potion of confusion {!q}
 x - a potion of lignification {unknown}
Books
 c - a book of Maledictions

   Spells                             Type                      Level
   *Corona                            Hexes                        1
   *Sure Blade                        Hexes/Charms                 2
   *Ensorcelled Hibernation           Hexes/Ice                    2
   *Confuse                           Hexes                        3
   Dazzling Spray                     Conjuration/Hexes            3
   Enslavement                        Hexes                        4


   Skills:
 - Level 2.3 Short Blades
 - Level 2.1 Dodging
 + Level 6.8 Stealth
 - Level 2.0 Spellcasting
 * Level 9.2 Hexes
 + Level 2.9 Charms
 - Level 1.6 Ice Magic


You had 2 spell levels left.
You knew the following spells:

 Your Spells              Type           Power        Failure   Level  Hunger
a - Corona                Hex            #####..      1%          1    #......
b - Sure Blade            Hex/Chrm       ####......   1%          2    ##.....
c - Confuse               Hex            #####...     1%          3    ####...
d - Ensorcelled Hibernat  Hex/Ice        ###...       3%          2    ##.....


Dungeon Overview and Level Annotations

Branches:
Dungeon (5/15)
 Temple: D:4-7

Altars:
Nemelex Xobeh


Innate Abilities, Weirdness & Mutations

You do not heal naturally.
You can bottle blood from corpses.
You have razor-sharp teeth.*
You have supernaturally acute eyesight.
You can survive without breathing.*


Message History

Aim: a centaur The centaur resists with significant effort.
* * * LOW MAGIC WARNING * * *
The centaur hits you.
The centaur hits you but does no damage.
Drink which item? (? for menu, Esc to quit)
You are confused.
It was a potion of confusion.
The centaur misses you.
Drink which item? (? for menu, Esc to quit)
You feel very mighty all of a sudden.
It was a potion of might.
The centaur hits you. The centaur hits you.
* * * LOW HITPOINT WARNING * * *
Drink which item? (? for menu, Esc to quit)
Okay, then.
You swing at nothing.
The centaur hits you.
* * * LOW HITPOINT WARNING * * *
You swing at nothing.
The centaur closely misses you.
You closely miss the centaur. The centaur closely misses you.
The centaur hits you!
You die...

#.### #.####..#...#....##
#.# ##.#
#..##.............# #.#
#..# ##.##..#.%.>...##.##
#.# #.##
#....##.......##..# #.##
#.#
####...####.......##.###...
#.# #....[.#
#..####)()..##... ..#
###...>.## #..# ###).......
.####.......#####.(#
#...##... .#
#........(..c@..# ##.###.##
.###....##.....###.# #.#
#.# .......###.###.###%##
#.###.# ..###.##
#.#...##.%.# #.#...#
#####.####.#......<.#
#...###
...........#....#...#
##..##
#........####...##### #...#
#...##...# ##### #...#
#....##### #...#


You could see a centaur.

Vanquished Creatures
  An ice beast (D:5)
  A hound (D:4)
  2 orc priests
  3 orc wizards
  Crazy Yiuf (D:2)
  A centaur skeleton (D:4)
  2 worker ants
  An ogre skeleton (D:4)
  Terence (D:2)
  11 adders
  4 giant geckos
  An ooze (D:2)
  14 orcs
  4 giant cockroaches
  13 goblins
  12 hobgoblins
  3 jackals (D:2)
  10 kobolds
  A ball python (D:5)
  14 bats
  6 giant newts
  A goblin skeleton (D:4)
  7 rats
114 creatures vanquished.

Notes
Turn   | Place    | Note
--------------------------------------------------------------
     0 | D:1      | PolkaDot, the Vampire Enchanter, began the quest for the Orb.
     0 | D:1      | Reached XP level 1. HP: 13/13 MP: 3/3
   307 | D:1      | Reached XP level 2. HP: 10/19 MP: 2/4
   809 | D:1      | Learned a level 2 spell: Ensorcelled Hibernation
   917 | D:1      | Reached skill level 5 in Hexes
  1121 | D:1      | Reached XP level 3. HP: 24/24 MP: 3/6
  1389 | D:2      | Reached skill level 1 in Ice Magic
  1479 | D:2      | Noticed Terence
  2037 | D:2      | Reached XP level 4. HP: 23/30 MP: 2/7
  2541 | D:1      | Learned a level 3 spell: Confuse
  2903 | D:2      | Reached skill level 6 in Hexes
  2964 | D:2      | Killed Terence
  3107 | D:2      | Noticed Crazy Yiuf
  3121 | D:2      | Killed Crazy Yiuf
  3121 | D:2      | Reached skill level 5 in Stealth
  3268 | D:3      | Reached XP level 5. HP: 25/35 MP: 6/9
  3334 | D:3      | Learned a level 2 spell: Sure Blade
  3618 | D:3      | Reached skill level 7 in Hexes
  3643 | D:3      | Reached skill level 1 in Charms
  4351 | D:4      | Reached XP level 6. HP: 41/41 MP: 7/10
  4520 | D:4      | Reached skill level 8 in Hexes
  5188 | D:5      | Entered Level 5 of the Dungeon
  5224 | D:5      | Reached XP level 7. HP: 39/46 MP: 3/12
  5302 | D:5      | Found a sparkling altar of Nemelex Xobeh.
  5358 | D:5      | Reached skill level 9 in Hexes
  5467 | D:4      | Slain by a centaur

Action                   |  1- 3 |  4- 6 |  7- 9 || total
-------------------------+-------+-------+-------++-------
Melee: Dagger            |   133 |   157 |    18 ||   308
 Cast: Corona            |     4 |       |       ||     4
       Ensorcelled Hiber |    13 |    52 |    14 ||    79
       Sure Blade        |       |     5 |       ||     5
       Confuse           |       |     4 |       ||     4
Evoke: Wand              |       |       |     1 ||     1
  Use: Scroll            |     1 |       |       ||     1
       Potion            |     2 |     1 |     6 ||     9
 Stab: Sleeping          |    18 |    51 |     8 ||    77
       Confused          |       |     4 |       ||     4
